 Dungeon Crawl Stone Soup version 0.23.0 (webtiles) character file.

Game seed: 14180102490193887872

263492 Peloso the Hoplite (level 19, -3/174 HPs)
             Began as a Minotaur Fighter on Feb 14, 2019.
             Was the Champion of Okawaru.
             Slain by a yaktaur (6 damage)
             ... led by a vault warden
             ... on level 1 of the Vaults.
             The game lasted 02:02:55 (38485 turns).

Peloso the Hoplite (Minotaur Fighter)              Turns: 38485, Time: 02:02:55

Health: -3/174     AC: 29    Str: 27    XL:     19   Next: 25%
Magic:  0/20       EV: 12    Int:  5    God:    Okawaru [******]
Gold:   1027       SH: 35    Dex: 23    Spells: 18/18 levels left

rFire    + . .     SeeInvis .   a - +4 double sword (elec)
rCold    x . .     Gourm    .   G - +8 large shield "Vettally" {Dex+4}
rNeg     . . .     Faith    .   d - +4 plate armour {rPois}
rPois    +         Spirit   +   D - +1 hat
rElec    .         Reflect  .   B - scarf {Spirit}
rCorr    .         Harm     .   m - +2 pair of gloves "Iliutur" {Dex+7}
MR       +....                  L - +2 pair of boots {run}
Stlth    ..........             e - amulet of regeneration
HPRegen  0.79/turn              (no ring)
MPRegen  0.17/turn              h - ring of fire

@: marked, slowed, very slow
A: retaliatory headbutt, horns 2
}: 2/15 runes: decaying, serpentine
a: Heroism, Finesse, Renounce Religion


You were on level 1 of the Vaults.
You worshipped Okawaru.
Okawaru was exalted by your worship.
You were hungry.

You visited 7 branches of the dungeon, and saw 33 of its levels.

You collected 3169 gold pieces.
You spent 2142 gold pieces at shops.

Inventory:

Hand Weapons
 a - a +4 double sword of electrocution (weapon)
 b - a +4 scimitar of flaming
Armour
 d - a +4 plate armour of poison resistance (worn)
 g - a +0 pair of boots of flying
 m - the +2 pair of gloves "Iliutur" (worn) {Dex+7}
   (Okawaru gifted it to you on level 15 of the Dungeon)

   It affects your dexterity (+7).
 t - a +2 shield of reflection
 B - a scarf of spirit shield (worn)
 D - a +1 hat (worn)
 G - the +8 large shield "Vettally" (worn) {Dex+4}
   (Okawaru gifted it to you on level 5 of the Lair of Beasts)

   It affects your dexterity (+4).
 L - a +2 pair of boots of running (worn)
Jewellery
 e - an amulet of regeneration (around neck)
 h - a ring of fire (right hand)
 C - an uncursed ring of resist corrosion
Scrolls
 i - 9 scrolls of identify
 l - a scroll of fear
 n - 8 scrolls of magic mapping
 o - 10 scrolls of remove curse
 s - 13 scrolls of teleportation
 v - 7 scrolls of fog
 y - 5 scrolls of blinking
 K - 5 scrolls of noise
Potions
 r - 8 potions of haste
 u - 2 potions of mutation
 w - a potion of heal wounds
 x - 20 potions of curing
 z - 2 potions of might
 A - 4 potions of invisibility
 J - 9 potions of agility
 O - 2 potions of berserk rage
 S - a potion of resistance
Comestibles
 c - 11 chunks of flesh
 f - 50 rations


   Skills:
 + Level 16.9 Fighting
 + Level 18.7 Long Blades
   Level 3.8 Maces & Flails
 + Level 15.8 Armour
 + Level 4.9 Dodging
 + Level 1.5 Stealth
 + Level 25.3 Shields
 + Level 3.2 Invocations
 + Level 0.2 Evocations


You had 18 spell levels left.
You didn't know any spells.
Your spell library contained the following spells:

 Spells                   Type           Power        Failure   Level  Hunger
 Animate Skeleton         Necr           N/A          97%         1    ##.....
 Apportation              Tloc           #.....       97%         1    ##.....
 Confusing Touch          Hex            #.....       97%         1    ##.....
 Flame Tongue             Conj/Fire      #....        97%         1    ##.....
 Infusion                 Chrm           #...         97%         1    ##.....
 Shock                    Conj/Air       #...         97%         1    ##.....
 Summon Small Mammal      Summ           #...         97%         1    ##.....
 Shroud of Golubria       Chrm/Tloc      #.........   99%         2    ###....
 Song of Slaying          Chrm           #.......     99%         2    ###....
 Swiftness                Chrm/Air       #.......     99%         2    ###....
 Throw Flame              Conj/Fire      #.....       99%         2    ###....
 Confuse                  Hex            #.......     100%        3    ####...
 Conjure Flame            Conj/Fire      #.......     100%        3    ####...
 Gell's Gravitas          Tloc           #.........   100%        3    ####...
 Inner Flame              Hex/Fire       #.......     100%        3    ####...
 Regeneration             Chrm/Necr      #.........   100%        3    ####...
 Spectral Weapon          Hex/Chrm       #.......     100%        3    ####...
 Static Discharge         Conj/Air       #.......     100%        3    ####...
 Airstrike                Air            #.........   100%        4    #####..
 Ice Form                 Ice/Tmut       #.......     100%        4    #####..
 Petrify                  Tmut/Erth      #.......     100%        4    #####..
 Sticky Flame             Conj/Fire      #.......     100%        4    #####..
 Fireball                 Conj/Fire      #.........   100%        5    ######.
 Lightning Bolt           Conj/Air       #.........   100%        5    ######.
 Metabolic Englaciation   Hex/Ice        #.........   100%        5    ######.
 Yara's Violent Unravell  Hex/Tmut       #.........   100%        5    ######.
 Bolt of Cold             Conj/Ice       #.........   100%        6    #######
 Freezing Cloud           Conj/Ice/Air   #.........   100%        6    #######
 Ozocubu's Refrigeration  Ice            #.........   100%        6    #######
 Simulacrum               Ice/Necr       #.........   100%        6    #######


Dungeon Overview and Level Annotations

Branches:
Dungeon (15/15)            Temple (1/1) D:4            Lair (6/6) D:10
  Swamp (4/4) Lair:3        Snake (4/4) Lair:3        Slime (0/5) Lair:5
    Orc (2/2) D:10            Elf (0/3) Orc:2        Vaults (1/5) D:13
 Depths (0/5) D:15

Altars:
Ashenzari
Cheibriados
Dithmenos
Elyvilon
Fedhas
Gozag
Hepliaklqana
Kikubaaqudgha
Makhleb
Nemelex Xobeh
Okawaru
Qazlal
Sif Muna
Trog
Uskayaw
Vehumet
Xom
Yredelemnul
The Shining One
Beogh

Shops:
D:5 !   D:13 }   Orc:2 [([[%   Snake:3 [:??   Snake:4 *


Innate Abilities, Weirdness & Mutations

You reflexively headbutt those who attack you in melee.
You have a pair of horns on your head.


Message History

The deep elf knight points at you and mumbles some strange words.
You block the shard of ice.
You slash the boggart! Lightning courses through the boggart!!
You kill the boggart!
Okawaru accepts your kill. You block the wolf spider's attack. x2
The yaktaur hits you but does no damage.
The vault warden hits you with a +2 great sword of distortion!!
* * * LOW HITPOINT WARNING * * *
Space bends around you.
* * * LOW HITPOINT WARNING * * *
The skeletal warrior hits you from afar with a +0 glaive of venom!
* * * LOW HITPOINT WARNING * * *
A slime creature comes into view.
The skeletal warrior hits you but does no damage.
You block the wizard's attack.
The deep elf knight hits you but does no damage.
You block the wolf spider's attack. The wolf spider closely misses you.
The yaktaur hits you.
You die...

#...........
#.......p...
#...........
#....J......
#...J.......
#..Wc# #.gzz#
#.zsp# #..)@#
#.zcep......
#....#......
#....#......
#....#########
#............#
#............#####
#.................
#.............###


You could see a vault warden, 4 skeletal warriors, 2 slime creatures, a wolf
spider, a deep elf knight, a yaktaur, a freezing wraith, a wizard, a centaur and
a boggart.

Vanquished Creatures
  the Lernaean hydra (Swamp:3)
  Vashnia (Snake:3)
  Asterion (Snake:4)
  Kirke (Swamp:4)
  2 thorn hunters (Swamp:2)
  The ghost of Dittersdorf the Severer, an adept MiBe of Trog (Snake:4)
  11 nagarajas
  The ghost of Cecky the Brawler, an adept BaTm of Cheibriados (Swamp:2)
  An orc warlord (Orc:2)
  Nessos (D:13)
  Josephine (Lair:5)
  A fire dragon (D:15)
  A great orb of eyes (Vaults:1)
  A hydra (shapeshifter) (D:15)
  9 naga warriors
  2 yaktaur captains (Vaults:1)
  Harold (Lair:2)
  A vault guard (D:13)
  2 ghost crabs
  An ogre mage (D:15)
  A catoblepas (Lair:6)
  A rakshasa (D:15)
  5 centaur warriors
  22 hydras
  27 anacondas
  A shambling mangrove (Swamp:4)
  17 alligators
  5 two-headed ogres
  A death knight (D:15)
  An orc high priest (Orc:2)
  Nergalle (D:11)
  5 death yaks
  11 shock serpents
  10 naga sharpshooters
  A shadow wraith (D:12)
  3 salamander mystics
  17 sea snakes
  5 unseen horrors
  A spriggan druid (Swamp:4)
  12 swamp dragons
  A wizard (Vaults:1)
  8 naga ritualists
  A deep elf archer (D:13)
  2 ironbrand convokers (Vaults:1)
  A deep elf mage (D:12)
  2 necromancers (D:13)
  A phantasmal warrior (D:15)
  6 orc knights
  5 orc sorcerers
  8 mana vipers
  6 cyclopes
  10 ugly things
  13 salamanders
  3 vault sentinels (Vaults:1)
  2 centaur zombies
  3 elephants
  2 manticores
  Joseph (D:8)
  26 naga magi
  2 moths of wrath (Snake:4)
  41 black mambas
  16 guardian serpents
  Psyche (D:8)
  An elephant (shapeshifter) (D:15)
  3 centaur skeletons
  2 gargoyles
  18 spiny frogs
  A rime drake (shapeshifter) (Vaults:1)
  5 rime drakes
  3 kobold demonologists
  6 yaktaurs
  3 freezing wraiths
  An efreet (D:13)
  8 komodo dragons
  The ghost of Dickchan the Shield-Bearer, an amateur MiFi of Nemelex Xobeh (D:5)
  5 trolls
  9 tyrant leeches
  3 meliai (D:15)
  7 polar bears (Lair:6)
  18 hornets
  15 bog bodies
  7 hippogriffs
  28 blink frogs
  A hippogriff (shapeshifter) (D:15)
  30 slime creatures
  Sigmund (D:2)
  9 wraiths
  28 spriggans
  2 water elementals (D:14)
  Grum (D:11)
  3 hogs (D:7)
  A vampire (D:14)
  19 humans
  3 shadows
  2 steam dragons
  A human (shapeshifter) (D:12)
  2 basilisks
  26 yaks
  12 vampire mosquitoes
  A redback simulacrum (D:14)
  5 hungry ghosts
  8 wargs
  An acid dragon (shapeshifter) (D:15)
  17 swamp worms
  58 nagas
  Duvessa (D:6)
  9 porcupines
  An acid dragon (D:14)
  14 water moccasins
  40 orc warriors
  10 swamp drakes
  4 sky beasts
  2 ice beasts
  3 black bears
  17 ogres
  An ettin simulacrum (Vaults:1)
  4 phantoms
  A necrophage (D:5)
  51 wolves
  An eye of draining (D:15)
  8 boggarts
  17 crocodiles
  21 centaurs
  3 big kobolds
  Dowan (D:6)
  14 bullfrogs
  A wyvern zombie (D:8)
  A water moccasin zombie (D:5)
  3 scorpions
  A troll zombie (D:10)
  13 killer bees
  7 wights
  7 electric eels
  2 howler monkeys (D:11)
  5 crimson imps
  6 bullfrog zombies
  3 quasits
  20 orc priests
  6 hounds
  7 jellies
  24 orc wizards
  3 bullfrog skeletons
  Natasha (D:2)
  2 iguanas
  14 worker ants
  A statue (D:6)
  2 killer bee zombies
  7 ogre zombies (D:10)
  A hound skeleton (D:9)
  A howler monkey zombie (D:8)
  2 worker ant zombies
  5 gnolls (D:5)
  15 adders
  A shadow imp (D:6)
  5 oozes
  2 adder zombies
  An adder skeleton (D:5)
  A worm (D:5)
  A dart slug (D:2)
  3 leopard geckos
  103 orcs
  9 bats
  6 giant cockroaches
  13 goblins
  13 hobgoblins
  8 jackals
  18 kobolds
  3 quokkas
  2 ball pythons (D:1)
  A ball python skeleton (D:4)
  6 frilled lizards
  A goblin skeleton (D:10)
  3 goblin zombies (D:10)
  3 hobgoblin skeletons (D:10)
  4 hobgoblin zombies (D:10)
  14 orc zombies (D:10)
  6 rats
  2 briar patches (Swamp:2)
  A fungus (Lair:1)
  A plant (Lair:1)
1338 creatures vanquished.

Vanquished Creatures (others)
  A naga ritualist (Snake:4)
  A naga mage (Snake:4)
  4 humans (Swamp:4)
  A swamp worm (Swamp:2)
  A swamp drake (Swamp:4)
  An orc (Orc:2)
  A bush (Swamp:4)
  12 fungi
  40 plants
62 creatures vanquished.

Grand Total: 1400 creatures vanquished

Notes
Turn   | Place    | Note
-------+----------+-------------------------------------------
     0 | D:1      | Peloso the Minotaur Fighter began the quest for the Orb.
     0 | D:1      | Reached XP level 1. HP: 19/19 MP: 0/0
   219 | D:1      | Reached skill level 4 in Shields
   219 | D:1      | Reached XP level 2. HP: 23/27 MP: 1/1
   424 | D:1      | Reached XP level 3. HP: 33/33 MP: 2/2
  1227 | D:2      | Reached XP level 4. HP: 40/40 MP: 3/3
  1313 | D:2      | Noticed Natasha
  1319 | D:2      | Killed Natasha
  1319 | D:2      | Reached skill level 5 in Shields
  1603 | D:2      | Noticed Sigmund
  1639 | D:2      | HP: 1/40 [something (5)]
  1640 | D:2      | Killed Sigmund
  1640 | D:2      | Reached skill level 1 in Dodging
  1640 | D:2      | Reached XP level 5. HP: 1/47 MP: 4/4
  1640 | D:2      | Reached XP level 6. HP: 1/53 MP: 5/5
  1793 | D:2      | Found a hazy altar of Hepliaklqana.
  2284 | D:3      | Reached skill level 5 in Long Blades
  2971 | D:4      | Found a staircase to the Ecumenical Temple.
  3041 | Temple   | Entered the Ecumenical Temple
  3092 | Temple   | Became a worshipper of Warmaster Okawaru
  3322 | D:4      | Reached skill level 5 in Armour
  3322 | D:4      | Reached XP level 7. HP: 60/60 MP: 6/6
  3452 | D:4      | Found a burning altar of Makhleb.
  3455 | D:4      | Reached skill level 6 in Shields
  3631 | D:4      | Reached skill level 5 in Fighting
  3655 | D:5      | Entered Level 5 of the Dungeon
  3677 | D:5      | Found a transporter.
  3677 | D:5      | Noticed Dickchan's ghost (amateur MiFi)
  3775 | D:5      | Reached * piety under Okawaru
  3839 | D:5      | Found Ifaukkeb's Distillery.
  3904 | D:5      | Bought a potion of curing for 42 gold pieces
  3904 | D:5      | Bought a potion of flight for 42 gold pieces
  3904 | D:5      | Bought a potion of might for 56 gold pieces
  4011 | D:5      | Got a translucent flail
  4012 | D:5      | Lost intelligence.
  4012 | D:5      | Identified the cursed +1 flail of Lisimida {flame, rC+
                  | Str+5 Int-5 Stlth+} (You found it on level 5 of the
                  | Dungeon)
  4113 | D:5      | Found a transporter.
  4581 | D:6      | Noticed Dowan
  4581 | D:6      | Noticed Duvessa
  4600 | D:6      | Reached XP level 8. HP: 64/68 MP: 2/7
  4611 | D:6      | Killed Duvessa
  4611 | D:6      | Reached skill level 7 in Shields
  4642 | D:6      | Killed Dowan
  4930 | D:6      | Found a radiant altar of Vehumet.
  4982 | D:6      | Reached ** piety under Okawaru
  5870 | D:7      | Reached skill level 8 in Shields
  5905 | D:7      | Reached XP level 9. HP: 72/75 MP: 8/8
  5908 | D:7      | Found a white marble altar of Elyvilon.
  6152 | D:7      | Reached skill level 9 in Shields
  6154 | D:7      | Reached *** piety under Okawaru
  6154 | D:7      | Reached skill level 10 in Long Blades
  6338 | D:8      | Noticed Joseph
  6356 | D:8      | Killed Joseph
  6368 | D:8      | Found a bloodstained altar of Trog.
  6433 | D:8      | Reached skill level 10 in Shields
  6439 | D:8      | Reached **** piety under Okawaru
  6439 | D:8      | Reached XP level 10. HP: 45/84 MP: 4/9
  6514 | D:8      | Found a deep blue altar of Sif Muna.
  6658 | D:8      | Noticed Psyche
  6673 | D:8      | Paralysed by Psyche for 4 turns
  6681 | D:8      | Killed Psyche
  7323 | D:9      | Found a stormy altar of Qazlal.
  7376 | D:9      | Reached skill level 11 in Shields
  7845 | D:5      | Killed Dickchan's ghost
  8035 | D:10     | Entered Level 10 of the Dungeon
  8188 | D:10     | HP: 3/86 [troll (5)]
  8528 | D:10     | Found a staircase to the Orcish Mines.
  8528 | D:10     | Noticed an orc sorcerer
  8531 | D:10     | Noticed a sixfirhy
  8536 | D:10     | Noticed an orange demon
  8641 | D:9      | Paralysed by an orc sorcerer for 6 turns
  8660 | D:9      | Killed an orc sorcerer
  8660 | D:9      | Reached ***** piety under Okawaru
  8893 | D:10     | Noticed a two-headed ogre
  8909 | D:10     | Killed a two-headed ogre
  8909 | D:10     | Reached XP level 11. HP: 57/95 MP: 5/10
  9144 | D:10     | Received a gift from Okawaru
  9153 | D:10     | Identified a +1 pair of boots of running (Okawaru gifted it
                  | to you on level 10 of the Dungeon)
  9317 | D:10     | Found a staircase to the Lair.
  9387 | D:11     | Killed an unseen horror
  9387 | D:11     | Reached skill level 12 in Shields
  9454 | D:11     | Noticed Nergalle
  9470 | D:11     | Noticed a spectral orc warlord
  9482 | D:11     | Killed Nergalle
  9698 | D:11     | Noticed a white ugly thing
  9709 | D:11     | Killed a white ugly thing
  9822 | D:11     | Killed an unseen horror
  9905 | D:11     | Reached skill level 10 in Armour
  9989 | D:11     | Noticed Grum
  9990 | D:11     | Noticed an orc knight
 10032 | D:11     | Killed an orc knight
 10043 | D:11     | Killed Grum
 10222 | D:11     | Reached skill level 13 in Shields
 11073 | D:12     | Received a gift from Okawaru
 11073 | D:12     | Reached XP level 12. HP: 83/106 MP: 6/11
 11197 | D:12     | Reached skill level 10 in Fighting
 11332 | D:12     | Noticed a seven-headed hydra
 11342 | D:12     | Lost intelligence.
 11352 | D:12     | Killed a seven-headed hydra
 11507 | D:12     | Reached skill level 1 in Maces & Flails
 12243 | Lair:1   | Entered Level 1 of the Lair of Beasts
 12400 | Lair:1   | Reached skill level 1 in Invocations
 12562 | Lair:1   | Received a gift from Okawaru
 12624 | Lair:1   | Reached ****** piety under Okawaru
 13456 | Lair:2   | Noticed a four-headed hydra
 13457 | Lair:2   | Lost intelligence.
 13468 | Lair:2   | Killed a four-headed hydra
 13468 | Lair:2   | Reached skill level 14 in Shields
 13841 | Lair:2   | Received a gift from Okawaru
 14116 | Lair:2   | Noticed Harold
 14133 | Lair:2   | Killed Harold
 14133 | Lair:2   | Received a gift from Okawaru
 14379 | Lair:2   | Noticed a six-headed hydra
 14407 | Lair:1   | Lost intelligence.
 14417 | Lair:1   | Killed a six-headed hydra
 14417 | Lair:1   | Reached XP level 13. HP: 91/116 MP: 8/13
 14827 | Lair:3   | Lost intelligence.
 15072 | Lair:3   | Found a staircase to the Snake Pit.
 15648 | Lair:3   | Found a staircase to the Swamp.
 16894 | Lair:5   | Found a staircase to the Slime Pits.
 17116 | Lair:5   | Reached skill level 1 in Stealth
 17174 | Lair:5   | Noticed Josephine
 17188 | Lair:5   | Reached skill level 15 in Shields
 17195 | Lair:5   | Killed Josephine
 17664 | Lair:6   | Entered Level 6 of the Lair of Beasts
 17749 | Lair:5   | Received a gift from Okawaru
 17749 | Lair:5   | Reached skill level 15 in Long Blades
 17752 | Lair:5   | Got a jewelled large shield {god gift}
 17765 | Lair:5   | Identified the +8 large shield "Vettally" {Dex+4} (Okawaru
                  | gifted it to you on level 5 of the Lair of Beasts)
 18290 | Lair:6   | Reached XP level 14. HP: 111/127 MP: 14/14
 18305 | Lair:6   | Reached skill level 16 in Shields
 18851 | Lair:6   | Got an ichor-stained chain mail
 18862 | Lair:6   | Identified the cursed +0 chain mail of Makhleb's Vengeance
                  | {rCorr Int+4} (You found it on level 6 of the Lair of
                  | Beasts)
 19158 | Lair:6   | Reached skill level 17 in Shields
 20048 | D:13     | You fall through a shaft for 2 floors!
 20048 | D:15     | Entered Level 15 of the Dungeon
 20179 | D:15     | Lost intelligence.
 20185 | D:15     | Received a gift from Okawaru
 20188 | D:15     | Got a pair of pitted gloves {god gift}
 20231 | D:14     | Identified the +2 pair of gloves "Iliutur" {Dex+7} (Okawaru
                  | gifted it to you on level 15 of the Dungeon)
 20999 | D:13     | Found Roqenugge's Gadget Boutique.
 21058 | D:13     | Noticed Nessos
 21072 | D:13     | Killed Nessos
 21494 | D:13     | Reached skill level 18 in Shields
 21541 | D:13     | Found a gate to the Vaults.
 21650 | D:13     | Reached XP level 15. HP: 136/136 MP: 15/15
 22208 | Orc:1    | Entered Level 1 of the Orcish Mines
 22999 | Orc:2    | Entered Level 2 of the Orcish Mines
 23005 | Orc:2    | Received a gift from Okawaru
 23093 | Orc:2    | Found a staircase to the Elven Halls.
 23135 | Orc:2    | Found a roughly hewn altar of Beogh.
 23159 | Orc:2    | Found a bloodstained altar of Trog.
 23239 | Orc:2    | Found Ywkulid's Antique Armour Boutique.
 23518 | Orc:2    | Found a roughly hewn altar of Beogh.
 23578 | Orc:2    | Received a gift from Okawaru
 23661 | Orc:2    | Noticed an orc warlord
 23700 | Orc:2    | Killed an orc warlord
 23789 | Orc:2    | Found Nauguvex's Antique Armour Boutique.
 23795 | Orc:2    | Found a roughly hewn altar of Beogh.
 23802 | Orc:2    | Found Iwuig's Antique Weapon Shop.
 23989 | Orc:2    | Found a roughly hewn altar of Beogh.
 23993 | Orc:2    | Found Epainat's Antique Armour Boutique.
 24290 | Orc:2    | Found a roughly hewn altar of Beogh.
 24327 | Orc:2    | Found Viaggayp's Food Boutique.
 24402 | Orc:2    | Bought a pair of glowing boots for 240 gold pieces
 24755 | D:15     | Reached skill level 19 in Shields
 24759 | D:15     | Found a staircase to the Depths.
 24771 | D:15     | Noticed a storm dragon
 24774 | D:15     | a storm dragon changed into a seven-headed hydra
 24776 | D:15     | a storm dragon changed into a dire elephant
 24792 | D:15     | Received a gift from Okawaru
 25731 | Swamp:1  | Entered Level 1 of the Swamp
 25848 | Swamp:1  | Received a gift from Okawaru
 26381 | Swamp:2  | Found a runed translucent gate.
 26381 | Swamp:2  | Found a runed translucent gate.
 26381 | Swamp:2  | Found a runed translucent gate.
 26381 | Swamp:2  | Noticed Cecky's ghost (adept BaTm)
 26404 | Swamp:2  | Killed Cecky's ghost
 26414 | Swamp:2  | Noticed a thorn hunter
 26430 | Swamp:2  | Killed a thorn hunter
 26430 | Swamp:2  | Reached XP level 16. HP: 132/147 MP: 14/16
 26512 | Swamp:2  | Reached skill level 20 in Shields
 26848 | Swamp:2  | Noticed a thorn hunter
 26866 | Swamp:2  | Killed a thorn hunter
 28185 | Swamp:4  | Entered Level 4 of the Swamp
 28232 | Swamp:4  | Reached skill level 21 in Shields
 28265 | Swamp:3  | Received a gift from Okawaru
 28446 | Swamp:4  | Reached skill level 15 in Fighting
 28696 | Swamp:4  | Noticed the 27-headed Lernaean hydra
 28921 | Swamp:3  | Killed the 21-headed Lernaean hydra
 29540 | Swamp:4  | Noticed Kirke
 29699 | Swamp:4  | Killed Kirke
 29708 | Swamp:3  | Reached XP level 17. HP: 144/156 MP: 10/17
 29798 | Swamp:4  | Received a gift from Okawaru
 30109 | Swamp:4  | Got a decaying rune of Zot
 30526 | Snake:1  | Entered Level 1 of the Snake Pit
 30579 | Snake:1  | Reached skill level 15 in Armour
 31341 | Snake:1  | Found a hide-covered altar of Uskayaw.
 31564 | Snake:2  | Reached skill level 22 in Shields
 31940 | Snake:2  | Found a shimmering altar of Xom.
 32269 | Snake:2  | Received a gift from Okawaru
 33003 | Snake:3  | Found Ubigamyu's Book Emporium.
 33004 | Snake:3  | Found Cich's Magic Scroll Shoppe.
 33004 | Snake:3  | Found Eloef's Antique Armour Emporium.
 33008 | Snake:3  | Found Uway's Magic Scroll Shoppe.
 33013 | Snake:3  | Bought a scroll of identify for 28 gold pieces
 33013 | Snake:3  | Bought a scroll of magic mapping for 49 gold pieces
 33030 | Snake:3  | Reached skill level 23 in Shields
 33102 | Snake:3  | Bought a scroll of acquirement for 988 gold pieces
 33102 | Snake:3  | Bought a scroll of enchant armour for 142 gold pieces
 33102 | Snake:3  | Bought a scroll of identify for 38 gold pieces
 33102 | Snake:3  | Bought a scroll of enchant armour for 142 gold pieces
 33459 | Snake:3  | Received a gift from Okawaru
 33464 | Snake:3  | Got a jewelled scale mail {god gift}
 33466 | Snake:3  | Identified the +3 scale mail of Voangel {+Blink Dex+3}
                  | (Okawaru gifted it to you on level 3 of the Snake Pit)
 33571 | Snake:3  | Found a basalt altar of Yredelemnul.
 33790 | Snake:3  | Reached XP level 18. HP: 166/166 MP: 18/18
 33793 | Snake:3  | Noticed Vashnia
 33847 | Snake:3  | Killed Vashnia
 34362 | Snake:4  | Entered Level 4 of the Snake Pit
 34365 | Snake:4  | Found a transporter.
 34379 | Snake:4  | Noticed Dittersdorf's ghost (adept MiBe)
 34721 | Snake:4  | Received a gift from Okawaru
 34858 | Snake:4  | Reached skill level 24 in Shields
 35294 | Snake:3  | Received a gift from Okawaru
 36238 | Snake:4  | Received a gift from Okawaru
 36397 | Snake:4  | Got a serpentine rune of Zot
 36460 | Snake:4  | Found a transporter.
 36464 | Snake:4  | Found Gumeghou's Assorted Antiques.
 36470 | Snake:4  | Bought a scroll of enchant armour for 225 gold pieces
 36470 | Snake:4  | Bought a vibrating marble ring for 150 gold pieces
 36473 | Snake:4  | Identified the ring of Xom's Bemusement {*Tele rN+} (You
                  | bought it in a shop on level 4 of the Snake Pit)
 36620 | Snake:4  | Reached XP level 19. HP: 148/174 MP: 13/20
 36655 | Snake:4  | Killed Dittersdorf's ghost
 36655 | Snake:4  | Reached skill level 25 in Shields
 36669 | Snake:4  | Got a steaming naga barding
 36967 | Snake:4  | Noticed Asterion
 36982 | Snake:4  | Killed Asterion
 37873 | Vaults:1 | Entered Level 1 of the Vaults
 37996 | Vaults:1 | Paralysed by a great orb of eyes for 3 turns
 38485 | Vaults:1 | HP: 3/174 [skeletal warrior/+0 glaive of venom[a boggart]
                  | (8)]
 38485 | Vaults:1 | Slain by a yaktaur

Skill      XL: |  1  2  3  4  5  6  7  8  9 10 11 12 13 14 15 16 17 18 19 |
---------------+----------------------------------------------------------+-----
Shields        | 4 5 6 8 10 11 13 14 15 18 19 21 23 24 25 | 25.3
Fighting       | 4 5 6 8 9 11 12 13 14 15 16 | 16.9
Long Blades    | 3 4 5 7 9 10 12 13 14 15 16 17 18 | 18.7
Armour         | 4 5 7 8 9 10 11 13 14 15 | 15.8
Dodging        | 1 2 3 4 |  4.9
Maces & Flails | 2 3 |  3.8
Invocations    | 1 2 3 |  3.2
Stealth        | 1 |  1.5
Evocations     | |  0.2

Action                   |  1- 3 |  4- 6 |  7- 9 | 10-12 | 13-15 | 16-18 | 19-21 || total
-------------------------+-------+-------+-------+-------+-------+-------+-------++-------
Melee: Long sword        |    85 |   136 |   434 |   576 |       |       |       ||  1231
       Headbutt          |    11 |    24 |    95 |   213 |   508 |   670 |    85 ||  1606
       Scimitar          |       |       |       |   232 |   719 |  1828 |    87 ||  2866
       Demon blade       |       |       |       |   125 |   850 |       |       ||   975
       Flail             |       |       |       |    19 |    10 |       |       ||    29
       Double sword      |       |       |       |       |       |       |   126 ||   126
Invok: Heroism           |       |       |       |    11 |    11 |     6 |     1 ||    29
       Finesse           |       |       |       |       |     1 |     3 |     1 ||     5
Evoke: Wand              |       |       |     1 |       |     5 |       |     1 ||     7
  Use: Potion            |       |     2 |     1 |     4 |     1 |     3 |       ||    11
       Scroll            |       |     3 |     8 |     7 |    14 |     9 |     3 ||    44
 Stab: Confused          |       |       |       |       |       |     3 |       ||     3
       Distracted        |       |       |       |       |       |     1 |       ||     1
  Eat: Chunk             |     1 |     6 |     8 |    25 |    36 |    24 |     2 ||   102
       Ration            |       |       |     1 |     2 |     1 |     3 |     1 ||     8
Armor: Scale mail        |    48 |    29 |       |       |       |       |       ||    77
       Chain mail        |       |    34 |    55 |       |       |       |       ||    89
       Plate armour      |       |       |   137 |   491 |   570 |   617 |    46 ||  1861
Dodge: Dodged            |    30 |    31 |    82 |   246 |   252 |   378 |    44 ||  1063
Block: Shield            |    57 |    43 |   229 |   645 |   112 |       |       ||  1086
       Large shield      |       |       |       |       |  1742 |  2903 |   298 ||  4943
       Rpst.: Long sword |     8 |     7 |    18 |    35 |       |       |       ||    68
       Scimitar          |       |       |       |     6 |    14 |    50 |     2 ||    72
       Demon blade       |       |       |       |     8 |    37 |       |       ||    45
       Double sword      |       |       |       |       |       |       |    11 ||    11
